 Dungeon Sprint DCSS version 0.26.1-2-gb8aa6d0cf2 (webtiles) character file.

Game seed: 9877573696442988175

636 Alvadar the Ruffian (level 7, -4/79 HPs)
             Began as a Demigod Transmuter on Mar 14, 2021.
             Slain by Sonja
             ... wielding a +1 dagger of distortion
              (7 damage)
             ... in the Dungeon (Sprint I: "Red Sonja").
             The game lasted 00:02:40 (1243 turns).

Alvadar the Ruffian (Demigod Transmuter)            Turns: 1243, Time: 00:02:41

Health: -4/79      AC:  6    Str: 17    XL:     7   Next: 4%
Magic:  20/21      EV: 10    Int: 17    God:
Gold:   297        SH:  0    Dex: 16    Spells: 6/19 levels left

rFire    x . .     SeeInvis .     - Unarmed
rCold    + + +     Faith    .   (shield currently unavailable)
rNeg     . . .     Spirit   .   (armour currently unavailable)
rPois    +         Reflect  .   (helmet currently unavailable)
rElec    .         Harm     .   (cloak currently unavailable)
rCorr    .         Rampage  .   (gloves currently unavailable)
Will     .....     NoTele   +   (boots currently unavailable)
Stlth    +.........             d - amulet of regeneration
HPRegen  0.63/turn              (no ring)
MPRegen  0.17/turn              (no ring)

@: ice-form, slowed, very slow
A: large, high mp 1
a: End Transformation


You were in the Dungeon.
You were a creature of crystalline ice.
You visited 1 branch You collected 297 gold pieces.

Inventory:

Armour
 a - a +0 robe (melded)
Jewellery
 d - an amulet of regeneration (around neck)
Wands
 b - a wand of digging (5)
Scrolls
 h - a scroll of blinking
Potions
 c - a potion of curing
 f - 2 potions of magic
 g - a potion of berserk rage


   Skills:
 + Level 7.2 Fighting
 - Level 1.7 Dodging
 + Level 7.8 Unarmed Combat
 + Level 6.8 Spellcasting
 + Level 7.4 Transmutations


You had 6 spell levels left.
You knew the following spells:

 Your Spells              Type           Power        Failure   Level
a - Beastly Appendage     Tmut           62%          1%          1
b - Spider Form           Tmut/Pois      9%           8%          3
c - Ice Form              Ice/Tmut       18%          26%         4
d - Blade Hands           Tmut           15%          16%         5

Your spell library contained the following spells:

 Spells                   Type           Power        Failure   Level
 Wereblood                Tmut           31%          1%          2


Dungeon Overview and Level Annotations

Branches:
Dungeon (1/1)

Shops:
D :

Annotations:
D Sonja


Innate Abilities, Weirdness & Mutations

You have an increased reservoir of magic. (+10% MP)


Message History

Sonja hits you but does no damage. Sonja barely misses you.
You hit Sonja. You freeze Sonja.
Sonja is severely wounded.
Sonja gestures wildly while chanting.
Sonja looks slightly unstable.
Sonja hits you with a +1 dagger of distortion.
* * * LOW HITPOINT WARNING * * *
Sonja hits you with a +1 dagger of distortion.
* * * LOW HITPOINT WARNING * * *
Space bends around you.
* * * LOW HITPOINT WARNING * * *
Sonja hits you with a +1 dagger of distortion.
* * * LOW HITPOINT WARNING * * *
Space bends around you.
* * * LOW HITPOINT WARNING * * *
Okay, then.
You closely miss Sonja.
Sonja is severely wounded.
Sonja hits you with a +1 dagger of distortion!
You die...

###################
#<.#..)..#..'..#__#
#..').#..').#..'..+
#..#####'#####'#__#
#..####..#...#)####
#..#__####..##(#
#..#_____##'#_.+
#⌠⌠#_.∩...÷..YK#
####_..__##_.#'#
#_____###'#.#
####### #.### $.$
$.$ ##.## #+#


You could see Sonja.

Vanquished Creatures
  A slime creature (D)
  Sigmund (D)
  A yak (D)
  An ogre (D)
  A jelly (D)
  Ijyb (D)
6 creatures vanquished.

Notes
Turn   | Place    | Note
-------+----------+-------------------------------------------
     0 | D        | Alvadar the Demigod Transmuter began the quest for the Orb.
     0 | D        | Reached XP level 1. HP: 15/15 MP: 5/5
     3 | D        | Noticed Ijyb
    18 | D        | Killed Ijyb
    19 | D        | Reached XP level 2. HP: 16/25 MP: 6/8
   300 | D        | Noticed an ogre
   308 | D        | Killed an ogre
   309 | D        | Reached XP level 3. HP: 16/33 MP: 8/11
   309 | D        | Reached XP level 4. HP: 19/40 MP: 9/13
   655 | D        | Learned a level 3 spell: Spider Form
   669 | D        | Noticed Sigmund
   676 | D        | Killed Sigmund
   677 | D        | Reached skill level 5 in Fighting
   677 | D        | Reached skill level 5 in Spellcasting
   677 | D        | Reached skill level 5 in Transmutations
   677 | D        | Reached XP level 5. HP: 36/50 MP: 12/16
   774 | D        | Found an ornate altar of the Wu Jian Council.
   774 | D        | Found a shimmering blue altar of Sif Muna.
   777 | D        | Found a radiant altar of Vehumet.
   811 | D        | Found Varur's Book Emporium.
   811 | D        | Found an ancient bone altar of Kikubaaqudgha.
   811 | D        | Found a hazy altar of Hepliaklqana.
   811 | D        | Found a stormy altar of Qazlal.
   811 | D        | Found a hide-covered altar of Uskayaw.
   811 | D        | Found a blossoming altar of Fedhas.
   811 | D        | Found a bloodstained altar of Trog.
   811 | D        | Found an iron altar of Okawaru.
   811 | D        | Found a basalt altar of Yredelemnul.
   811 | D        | Found a glowing golden altar of the Shining One.
   811 | D        | Found a snail-covered altar of Cheibriados.
   811 | D        | Found a sacrificial altar of Ru.
   811 | D        | Found a glowing silver altar of Zin.
   811 | D        | Found a shadowy altar of Dithmenos.
   811 | D        | Found a white marble altar of Elyvilon.
   811 | D        | Noticed a yak
   818 | D        | Killed a yak
   819 | D        | Reached XP level 6. HP: 58/58 MP: 14/18
   820 | D        | Found an opulent altar of Gozag.
   836 | D        | Found a sparkling altar of Nemelex Xobeh.
   867 | D        | Found a burning altar of Makhleb.
   867 | D        | Found a viscous altar of Jiyva.
   867 | D        | Found a shimmering altar of Xom.
   867 | D        | Found a corrupted altar of Lugonu.
   867 | D        | Noticed a slime creature
   876 | D        | Killed a slime creature
   877 | D        | Reached XP level 7. HP: 66/66 MP: 17/21
  1002 | D        | Learned a level 4 spell: Ice Form
  1008 | D        | Learned a level 5 spell: Blade Hands
  1228 | D        | Noticed Sonja
  1242 | D        | HP: 2/79 [Sonja/+1 dagger of distortion (6)]
  1243 | D        | Slain by Sonja

Illustrated notes

Levels and vault maps discovered:
D:        dungeon_sprint_1 [red_sonja_temple_1, red_sonja_temple_small_1]

Skill      XL: |  1  2  3  4  5  6 |
---------------+-------------------+-----
Fighting       | 2 4 5 6 7 |  7.2
Unarmed Combat | 3 4 6 7 |  7.8
Spellcasting   | 2 4 5 6 |  6.8
Transmutations | 3 4 5 6 7 |  7.4
Dodging        | |  1.7

Action                   |  1- 3 |  4- 6 |  7- 9 || total
-------------------------+-------+-------+-------++-------
Melee: Unarmed           |    18 |    22 |     8 ||    48
       Kick              |     9 |       |       ||     9
       Headbutt          |     3 |       |       ||     3
 Cast: Beastly Appendage |     2 |       |       ||     2
       Spider Form       |       |     4 |       ||     4
       Ice Form          |       |       |     1 ||     1
  Use: Potion            |     2 |       |       ||     2
Armor: Robe              |     2 |       |       ||     2
       Skin              |       |       |     5 ||     5
Dodge: Dodged            |     4 |    15 |     3 ||    22
